 Dungeon Crawl Stone Soup version 0.18-a0-23-g19353e1 (webtiles) character file.

28 inmateoo the Conjurer (level 3, -1/24 HPs)
             Began as a Mummy Conjurer on Nov 2, 2015.
             Killed from afar by Sigmund (15 damage)
             ... with a puff of flame
             ... on level 2 of the Dungeon.
             The game lasted 00:03:09 (1336 turns).

inmateoo the Conjurer (Mummy Conjurer)              Turns: 1336, Time: 00:03:09

Health: -1/24      AC:  2    Str: 11    XL:     3   Next: 0%
Magic:  2/6        EV: 12    Int: 15    God:
Gold:   93         SH:  0    Dex: 12    Spells: 2 memorised, 3 levels left

rFire  x . .     SeeInvis .     (no weapon)
rCold  + . .     Clarity  .     a - +0 robe
rNeg   + + +     SustAt   .     (no shield)
rPois  ∞         Gourm    .     (no helmet)
rElec  .         Spirit   .     (no cloak)
rCorr  .         Warding  .     (no gloves)
rMut   .         Stasis   .     (no boots)
MR     .....                    (no amulet)
Stlth  ++........               (no ring)
                                e - ring of wizardry

@: not resistant to hostile enchantments, unstealthy
A: no food or potions, fire vulnerability, cold resistance 1, negative energy
resistance 3, torment resistance, unbreathing
a: no special abilities


You were on level 2 of the Dungeon.
You were not hungry.

You visited 1 branch of the dungeon, and saw 2 of its levels.

You collected 93 gold pieces.

Inventory:

Armour
 a - a +0 robe (worn)
Jewellery
 e - a ring of wizardry (left hand)
Scrolls
 c - a scroll of identify
 d - a scroll of remove curse
 g - a scroll of teleportation {unknown}
 h - a scroll of enchant weapon {unknown}
Books
 b - a book of Conjurations

   Spells                             Type                      Level
   a - Magic Dart                     Conjuration                  1
   b - Searing Ray                    Conjuration                  2
   c - Dazzling Spray                 Conjuration/Hexes            3
   d - Fulminant Prism                Conjuration/Hexes            4
   e - Iskenderun's Mystic Blast      Conjuration                  4
   f - Iskenderun's Battlesphere      Conjuration/Charms           5


   Skills:
 + Level 1.6 Dodging
 + Level 1.9 Stealth
 + Level 2.3 Spellcasting
 * Level 3.7 Conjurations


You had 3 spell levels left.
You knew the following spells:

 Your Spells              Type           Power        Failure   Level  Hunger
a - Magic Dart            Conj           ##..         2%          1    N/A
b - Searing Ray           Conj           ##....       4%          2    N/A

Dungeon Overview and Level Annotations

Branches:
Dungeon (2/15)

Altars:
Ashenzari

Annotations:
D:2 Sigmund


Innate Abilities, Weirdness & Mutations

You do not eat or drink.
Your flesh is vulnerable to fire.
You are immune to poison.
Your flesh is cold resistant.
You are immune to negative energy.
You are immune to unholy pain and torment.
You can survive without breathing.


Message History

The giant gecko misses you. The giant gecko closely misses you.
The searing ray hits the giant gecko.
You kill the giant gecko!
You have reached level 3!
Your experience leads to an increase in your attributes!
Increase (S)trength, (I)ntelligence, or (D)exterity?
You feel clever.
The searing ray hits Sigmund.
Sigmund is moderately wounded.
The searing ray hits Sigmund.
Sigmund is heavily wounded.
Sigmund closely misses you.
Sigmund whispers, "You'll know eternity soon."
You see here a purple potion.
Sigmund gestures at you while chanting. The puff of flame hits you!
The fire burns you terribly! Sigmund casts a spell at you.
The puff of flame hits you! The fire burns you terribly!
Ouch! That really hurt!
You die...

#..########
#..#
#######..#
#.@.@....#
#.######.#
#!# #.# #
#.# #.# .#
#.# #.#
..#. #@#
#.## ..(..
#.#
#..####....
#<#
##..'_#....
###
######....
..... ..#.
... ##


You could see Sigmund.

Vanquished Creatures
  A gnoll (D:1)
  A giant gecko (D:2)
  A ball python (D:1)
  5 hobgoblins (D:1)
  2 bats (D:1)
  A giant newt (D:1)
  3 goblins
  2 kobolds (D:1)
  4 rats (D:1)
20 creatures vanquished.

Notes
Turn   | Place    | Note
--------------------------------------------------------------
     0 | D:1      | inmateoo the Mummy Conjurer began the quest for the Orb.
     0 | D:1      | Reached XP level 1. HP: 13/13 MP: 3/3
   592 | D:1      | Reached XP level 2. HP: 8/19 MP: 0/5
  1240 | D:2      | Learned a level 2 spell: Searing Ray
  1287 | D:2      | Found a shattered altar of Ashenzari.
  1309 | D:2      | Noticed Sigmund
  1315 | D:2      | Reached XP level 3. HP: 24/24 MP: 3/6
  1336 | D:2      | Killed from afar by Sigmund

Vault maps used:
D:1:      minmay_arrival_four_houses
D:2:      ashenzari_conservatory_becter, uniq_sigmund

Action                   || total
-------------------------++-------
Melee: Unarmed           ||     6
 Cast: Magic Dart        ||    37
       Searing Ray       ||     1
  Use: Scroll            ||     3
